 Dungeon Sprint DCSS version 0.20.1-1-g8b1a95d (webtiles) character file.

1002 wojtek the Basher (level 8, 0/80 HPs)
             Began as a Minotaur Fighter on Jan 1, 2018.
             Was a Follower of Trog.
             Slain by an ice devil (6 damage)
             ... summoned by a kobold demonologist
             ... in the Dungeon (Sprint I: "Red Sonja").
             The game lasted 00:01:17 (372 turns).

wojtek the Basher (Minotaur Fighter)                 Turns: 372, Time: 00:01:17

Health: 0/80       AC: 11    Str: 23    XL:     8   Next: 0%
Magic:  7/7        EV:  8    Int:  5    God:    Trog [*.....]
Gold:   405        SH:  9    Dex: 10    Spells: 7/7 levels left

rFire    . . .     SeeInvis .   a - +0 flail
rCold    . . .     Gourm    .   c - +0 shield
rNeg     . . .     Faith    .   n - +0 chain mail
rPois    .         Spirit   .   (helmet restricted)
rElec    .         Reflect  .   (no cloak)
rCorr    .         Harm     .   (no gloves)
MR       .....     NoTele   +   (no boots)
Stlth    ..........             (no amulet)
Regen    0.3/turn               (no ring)
MPRegen  0.1/turn               (no ring)

@: no status effects
A: retaliatory headbutt, horns 2
a: Berserk, Burn Spellbooks, Renounce Religion


You were in the Dungeon.
You worshipped Trog.
Trog was aware of your devotion.
You were not hungry.

You visited 1 branch You collected 405 gold pieces.

Inventory:

Hand Weapons
 a - a +0 flail (weapon)
Armour
 b - a +0 scale mail
 c - a +0 shield (worn)
 n - a +0 chain mail (worn)
Wands
 l - a wand of polymorph (10/24)
Scrolls
 k - a scroll of blinking
 o - a scroll of identify {unknown}
 p - a scroll of enchant weapon {unknown}
Potions
 d - a potion of might
 e - a potion of curing
 g - a potion of heal wounds
 h - a potion of haste
 i - 2 potions of magic
 j - a potion of berserk rage
Comestibles
 f - a bread ration


   Skills:
 + Level 10.4 Fighting
 * Level 13.7 Maces & Flails
 + Level 10.5 Armour
 + Level 5.9 Dodging
 - Level 3.6 Shields


You had 7 spell levels left.
You didn't know any spells.

Dungeon Overview and Level Annotations

Branches:
Dungeon (1/1)

Altars:
Cheibriados
Dithmenos
Elyvilon
Fedhas
Gozag
Hepliaklqana
Kikubaaqudgha
Makhleb
Nemelex Xobeh
Okawaru
Qazlal
Ru
Sif Muna
Trog
Uskayaw
Vehumet
Xom
Yredelemnul
Zin
The Shining One
Jiyva
Lugonu

Shops:
D (


Innate Abilities, Weirdness & Mutations

You reflexively headbutt those who attack you in melee.
You have a pair of horns on your head.


Message History

You barely miss the kobold demonologist.
The kobold demonologist is almost dead.
The ice devil disappears in a puff of smoke!
You block the ice devil's attack. The ice devil hits you.
* * * LOW HITPOINT WARNING * * *
The ice devil freezes you!
* * * LOW HITPOINT WARNING * * *
You block the kobold demonologist's attack.
Okay, then.
You sock the kobold demonologist!
You kill the kobold demonologist!
Trog accepts your kill.
Trog appreciates your killing of a magic user.
You can now go berserk at will.
The ice devil disappears in a puff of smoke!
You have reached level 8!
You feel stronger.
The kobold demonologist hits you but does no damage.
The ice devil hits you.
You die...

#####################
.)..#..'..#__#.§@K55#
.#..').#..'..'.4#)55#
###'#####'#__####35.+
##..#...#.#### ####
_####..##.#
____##'#..+
.∩...'..._#
..__##_.#'#
____###+#)#


You could see an ice devil, a kobold demonologist, a neqoxec, 3 iron imps, a
shadow imp and an ufetubus.

Vanquished Creatures
  A kobold demonologist (D)
  A slime creature (D)
  Sigmund (D)
  A yak (D)
  A floating eye (D)
  An ogre (D)
  A jelly (D)
  Ijyb (D)
8 creatures vanquished.

Notes
Turn   | Place    | Note
-------+----------+-------------------------------------------
     0 | D        | wojtek the Minotaur Fighter began the quest for the Orb.
     0 | D        | Reached XP level 1. HP: 19/19 MP: 0/0
     1 | D        | Noticed Ijyb
    10 | D        | Killed Ijyb
    10 | D        | Reached skill level 5 in Maces & Flails
    10 | D        | Reached skill level 5 in Armour
    10 | D        | Reached XP level 2. HP: 28/28 MP: 1/1
    14 | D        | Noticed an ogre
    18 | D        | Killed an ogre
    18 | D        | Reached skill level 8 in Maces & Flails
    18 | D        | Reached XP level 3. HP: 38/38 MP: 2/2
    18 | D        | Reached XP level 4. HP: 45/45 MP: 3/3
    22 | D        | Noticed Sigmund
    34 | D        | Killed Sigmund
    34 | D        | Reached skill level 10 in Maces & Flails
    34 | D        | Reached XP level 5. HP: 52/53 MP: 4/4
    78 | D        | Found a burning altar of Makhleb.
    78 | D        | Found a viscous altar of Jiyva.
    78 | D        | Found a shimmering altar of Xom.
    78 | D        | Found a corrupted altar of Lugonu.
    78 | D        | Noticed a slime creature
    90 | D        | Killed a slime creature
    90 | D        | Reached skill level 12 in Maces & Flails
    90 | D        | Reached XP level 6. HP: 31/63 MP: 5/5
   247 | D        | Found a deep blue altar of Sif Muna.
   249 | D        | Found a radiant altar of Vehumet.
   277 | D        | Found Kaanaxaun's Weapon Emporium.
   277 | D        | Found an ancient bone altar of Kikubaaqudgha.
   277 | D        | Found a hazy altar of Hepliaklqana.
   277 | D        | Found a stormy altar of Qazlal.
   277 | D        | Found a hide-covered altar of Uskayaw.
   277 | D        | Found a blossoming altar of Fedhas.
   277 | D        | Found a bloodstained altar of Trog.
   277 | D        | Found an iron altar of Okawaru.
   277 | D        | Found a basalt altar of Yredelemnul.
   277 | D        | Found a glowing golden altar of the Shining One.
   277 | D        | Found a snail-covered altar of Cheibriados.
   277 | D        | Found a sacrificial altar of Ru.
   277 | D        | Found a glowing silver altar of Zin.
   277 | D        | Found a shadowy altar of Dithmenos.
   277 | D        | Found a white marble altar of Elyvilon.
   277 | D        | Noticed a yak
   280 | D        | Killed a yak
   280 | D        | Reached XP level 7. HP: 56/71 MP: 6/6
   281 | D        | Found an opulent altar of Gozag.
   282 | D        | Found a sparkling altar of Nemelex Xobeh.
   287 | D        | Became a worshipper of Trog the Wrathful
   353 | D        | Noticed a kobold demonologist
   354 | D        | Noticed a kobold demonologist
   354 | D        | Paralysed by a floating eye for 3 turns
   357 | D        | Noticed an ice devil
   357 | D        | Noticed a neqoxec
   357 | D        | Reached skill level 10 in Fighting
   357 | D        | Reached skill level 13 in Maces & Flails
   357 | D        | Reached skill level 10 in Armour
   357 | D        | Reached skill level 5 in Dodging
   364 | D        | Noticed an ice devil
   365 | D        | Noticed an ice devil
   372 | D        | Killed a kobold demonologist
   372 | D        | Reached * piety under Trog
   372 | D        | Reached XP level 8. HP: 6/80 MP: 7/7
   372 | D        | Slain by an ice devil

Skill      XL: |  1  2  3  4  5  6  7 |
---------------+----------------------+-----
Fighting       | 4 6 8 9 10 | 10.4
Maces & Flails | 5 8 10 12 13 | 13.7
Armour         | 5 6 8 9 10 | 10.5
Dodging        | 3 4 5 |  5.9
Shields        | |  3.6

Action                   |  1- 3 |  4- 6 |  7- 9 || total
-------------------------+-------+-------+-------++-------
Melee: Unarmed           |     7 |       |       ||     7
       Flail             |     1 |    23 |    16 ||    40
       Headbutt          |       |     9 |     1 ||    10
Armor: Scale mail        |       |     1 |       ||     1
       Skin              |       |     1 |       ||     1
       Chain mail        |       |     3 |    12 ||    15
Dodge: Dodged            |     3 |     7 |     8 ||    18
Block: Shield            |       |     3 |     7 ||    10
